 Dungeon Crawl Stone Soup version 0.27.1 (webtiles) character file.

Game seed: 4110346051684614453

4293 MajorAdolf the Tainter (level 10, -3/94 HPs)
             Began as a Naga Wanderer on Aug 31, 2021.
             Was an Initiate of Gozag.
             Slain by a two-headed ogre (21 damage)
             ... on level 8 of the Dungeon.
             The game lasted 00:22:46 (11615 turns).

MajorAdolf the Tainter (Naga Wanderer)             Turns: 11615, Time: 00:22:46

Health: -3/94      AC:  7    Str: 16    XL:     10   Next: 32%
Magic:  4/11       EV:  9    Int: 15    God:    Gozag
Gold:   706        SH:  0    Dex: 10    Spells: 8/11 levels left

rFire    . . .     SeeInvis +   c - +2 dagger (venom)
rCold    . . .     Faith    .   (no shield)
rNeg     . . .     Spirit   .   r - +2 robe {Will+}
rPois    +         Reflect  .   (no helmet)
rElec    .         Harm     .   j - +0 cloak
rCorr    .         Rampage  .   (no gloves)
Will     ++...                  (no barding)
Stlth    +++.......             B - amulet of regeneration
HPRegen  1.25/turn              (no ring)
MPRegen  0.12/turn              (no ring)

@: about to teleport, very slow
A: AC +3, large, see invisible, deformed body, poison resistance, slowness 2,
spit poison 1, naga tail 1
a: Spit Poison, Renounce Religion, Potion Petition, Call Merchant, Bribe Branch


You were on level 8 of the Dungeon.
You worshipped Gozag.
Gozag was pleased with you.
You visited 2 branches of the dungeon, and saw 9 of its levels.

You collected 769 gold pieces.
You paid 63 gold pieces to Gozag.

Inventory:

Hand Weapons
 c - a +2 dagger of venom (weapon)
 n - a +0 hunting sling
 C - a +3 flail of holy wrath
 H - a +5 long sword
 K - a +1 whip of electrocution
Missiles
 b - 4 curare-tipped darts
 d - 20 sling bullets
 k - 8 poisoned darts
 l - 112 stones (quivered)
 t - 6 javelins
Armour
 j - a +0 cloak (worn)
 r - a +2 robe of willpower (worn)
Magical Staves
 x - a staff of cold
 J - a staff of air
Jewellery
 e - a ring of ice
 B - an amulet of regeneration (around neck)
 G - an amulet of reflection
Wands
 D - a wand of paralysis (11)
 I - a wand of acid (9)
Scrolls
 a - 6 scrolls of identify
 f - 2 scrolls of enchant weapon
 m - 2 scrolls of teleportation
 s - a scroll of enchant armour
 w - a scroll of fear {unknown}
 y - a scroll of noise {unknown}
 E - 3 scrolls of fog
 F - a scroll of magic mapping {unknown}
 L - a scroll of vulnerability {unknown}
Potions
 g - 2 potions of heal wounds {unknown}
 h - 2 potions of berserk rage {unknown}
 i - 2 potions of attraction {unknown}
 o - 3 potions of invisibility {unknown}
 p - 2 potions of cancellation {unknown}
 q - a potion of magic {unknown}
 u - 5 potions of curing {unknown}
 v - a potion of flight {unknown}
 z - a potion of resistance {unknown}
 A - 2 potions of brilliance {unknown}
 M - a potion of haste {unknown}


   Skills:
 + Level 7.5 Fighting
 - Level 5.0 Short Blades
 + Level 2.6 Maces & Flails
 - Level 3.0 Throwing
 - Level 7.0 Stealth
 - Level 1.0 Spellcasting
 + Level 6.2 Transmutations
 + Level 5.8 Fire Magic
 + Level 8.2 Poison Magic


You had 8 spell levels left.
You knew the following spells:

 Your Spells              Type           Power      Damage    Failure   Level
a - Ignite Poison         Fire/Tmut/Pois 21%        N/A       4%          3

Your spell library contained the following spells:

 Spells                   Type           Power      Damage    Failure   Level
 Conjure Flame            Conj/Fire      9%         6-21      22%         3
 Inner Flame              Hex/Fire       9%         N/A       22%         3
 Slow                     Hex            0%         N/A       36%         2
 Confusing Touch          Hex            0%         N/A       58%         3
 Vampiric Draining        Necr           0%         2d6       58%         3
 Sticky Flame             Conj/Fire      9%         2d3       58%         4
 Cause Fear               Hex            0%         N/A       94%         4
 Discord                  Hex            0%         N/A       100%        8


Dungeon Overview and Level Annotations

Branches:
Dungeon (8/15)             Temple (1/1) D:5
   Lair: D:8-11

Altars:
Ashenzari
Cheibriados
Dithmenos
Elyvilon
Fedhas
Gozag
Hepliaklqana
Kikubaaqudgha
Makhleb
Nemelex Xobeh
Okawaru
Qazlal
Ru
Sif Muna
Trog
Uskayaw
Vehumet
Wu Jian
Xom
Yredelemnul
Zin
The Shining One


Innate Abilities, Weirdness & Mutations

Your serpentine skin is tough. (AC +3)
You have supernaturally acute eyesight. (SInv)
Armour fits poorly on your strangely shaped body.
Your system is resistant to poisons. (rPois)
You cover ground very slowly.
You can spit poison.
You have a snake-like lower body.


Message History

The centaur zombie hits you but does no damage.
The centaur zombie closely misses you. x2
The centaur zombie barely misses you.
Casting: Ignite Poison (mildly dangerous; 4% risk of failure)
Confirm with . or Enter, or press ? or * to list all spells.
Okay, then.
Your +3 flail of holy wrath stops glowing.
Your +2 dagger of venom begins to drip with poison!
c - a +2 dagger of venom (weapon)
The two-headed ogre hits you with a +0 giant club.
The two-headed ogre hits you with a +0 giant spiked club!!
Unknown command.
You hit the two-headed ogre.
The two-headed ogre is poisoned.
The two-headed ogre is lightly wounded.
The centaur zombie hits you. The centaur zombie barely misses you.
Casting: Ignite Poison (mildly dangerous; 4% risk of failure)
Confirm with . or Enter, or press ? or * to list all spells.
You ignite the poison in your surroundings!
The two-headed ogre seems to burn from within!
The two-headed ogre is moderately wounded.
The centaur zombie closely misses you.
The centaur zombie kicks you but does no damage.
The two-headed ogre hits you with a +0 giant club!
The two-headed ogre barely misses you.
You hit the two-headed ogre.
The two-headed ogre is poisoned.
The two-headed ogre is heavily wounded.
The centaur zombie hits you but does no damage.
The centaur zombie kicks you but does no damage.
The two-headed ogre hits you with a +0 giant club!!
The two-headed ogre hits you with a +0 giant spiked club!!
* * * LOW HITPOINT WARNING * * *
The centaur zombie barely misses you.
The centaur zombie kicks you but does no damage.
Okay, then.
As you read the scroll of teleportation, it crumbles to dust.
You feel strangely unstable. The centaur zombie barely misses you.
The centaur zombie kicks you but does no damage.
The two-headed ogre hits you with a +0 giant club!!
You die...
Your body crumbles into a pile of gold.

..................#.>.......###
.................######.....##
.................## #.......#
..................####........#
....................##....[....#
##..............#...##..#..##...
.##............#........##.# #..
.8#............Z.....#.#...#
..#..........$##@.#######.##
........###O### ...
..............# ..#
......$$......##. ..#
................. .#
.................
..(...............
..................
.................


You could see a two-headed ogre (very poisoned) and a centaur zombie.

Vanquished Creatures
  Pikel (D:6)
  Grinder (D:3)
  Sigmund (D:3)
  A wraith (D:7)
  Edmund (D:5)
  A water moccasin (D:7)
  3 orc warriors
  3 necrophages
  2 ogres (D:4)
  3 phantoms (D:5)
  4 centaurs
  A lemure (D:6)
  3 bullfrogs
  3 scorpions
  A water moccasin skeleton (D:7)
  3 killer bees (D:7)
  6 wights (D:6)
  A howler monkey (D:5)
  2 electric eels (D:7)
  2 hounds
  2 orc priests
  A bullfrog skeleton (D:7)
  A jelly (D:8)
  7 iguanas
  10 orc wizards
  A killer bee zombie (D:7)
  A hound zombie (D:5)
  A hound skeleton (D:5)
  4 gnolls (D:4)
  A howler monkey skeleton (D:7)
  11 adders
  An ufetubus (D:6)
  2 worms (D:2)
  4 dart slugs
  39 orcs
  6 endoplasms
  2 giant cockroaches (D:1)
  4 goblins
  8 hobgoblins
  2 jackals (D:2)
  4 quokkas
  10 ball pythons
  5 bats
  6 frilled lizards
  7 kobolds
  7 rats
190 creatures vanquished.

Notes
Turn   | Place    | Note
-------+----------+-------------------------------------------
     0 | D:1      | MajorAdolf the Naga Wanderer began the quest for the Orb.
     0 | D:1      | MajorAdolf set off with the following items: a +2 dagger, 4
                  | curare-tipped darts, a +0 spear, a potion of lignification,
                  | a +0 robe
     0 | D:1      | Reached XP level 1. HP: 21/21 MP: 2/2
   195 | D:1      | Reached skill level 1 in Stealth
   203 | D:1      | Reached XP level 2. HP: 24/28 MP: 3/3
   797 | D:1      | Reached skill level 1 in Short Blades
  1210 | D:2      | Reached XP level 3. HP: 34/34 MP: 4/4
  1511 | D:2      | Reached XP level 4. HP: 23/42 MP: 5/5
  1957 | D:2      | Found a faded altar of an unknown god.
  2087 | D:2      | Found an ancient bone altar of Kikubaaqudgha.
  3215 | D:3      | Noticed Grinder
  3235 | D:3      | Killed Grinder
  3236 | D:3      | Reached XP level 5. HP: 16/51 MP: 6/6
  3236 | D:3      | Reached XP level 6. HP: 18/58 MP: 7/7
  3578 | D:3      | Learned a level 3 spell: Ignite Poison
  3838 | D:3      | Noticed Sigmund
  3848 | D:3      | Killed Sigmund
  3849 | D:3      | Reached skill level 5 in Stealth
  3849 | D:3      | Reached skill level 1 in Fire Magic
  3849 | D:3      | Reached skill level 3 in Poison Magic
  3849 | D:3      | Reached XP level 7. HP: 61/66 MP: 4/8
  4697 | D:4      | Reached skill level 5 in Fighting
  4881 | D:4      | Reached skill level 4 in Poison Magic
  5169 | D:4      | Reached XP level 8. HP: 69/74 MP: 5/9
  5869 | D:5      | Entered Level 5 of the Dungeon
  5910 | D:5      | Reached skill level 5 in Poison Magic
  6250 | D:5      | Found a staircase to the Ecumenical Temple.
  6284 | D:5      | Noticed Edmund
  6306 | D:5      | Killed Edmund
  6515 | D:5      | Reached XP level 9. HP: 37/82 MP: 6/10
  6527 | D:5      | Reached skill level 6 in Poison Magic
  7355 | Temple   | Entered the Ecumenical Temple
  7641 | Temple   | Became a worshipper of Gozag Ym Sagoz the Greedy
  8883 | D:6      | Reached skill level 5 in Short Blades
  8883 | D:6      | Reached skill level 5 in Transmutations
  9225 | D:6      | Noticed Pikel
  9238 | D:6      | Killed Pikel
  9239 | D:6      | Reached skill level 7 in Poison Magic
  9579 | D:7      | Reached skill level 5 in Fire Magic
  9988 | D:7      | Reached skill level 1 in Maces & Flails
 10335 | D:7      | Reached XP level 10. HP: 88/94 MP: 11/11
 11045 | D:7      | Reached skill level 8 in Poison Magic
 11417 | D:8      | Found a stormy altar of Qazlal.
 11590 | D:8      | Noticed a two-headed ogre
 11615 | D:8      | Slain by a two-headed ogre

Illustrated notes

Levels and vault maps discovered:
D:1:      dpeg_arrival_short_road, layout_rooms, minivault_27
D:2:      layout_basic, basic_altar, ebering_ecumenical_altar_sacrificial
D:3:      minmay_angry_zag, layout_loops_ring, chequers_serial_rivers_large_a,
          uniq_grinder, uniq_sigmund
D:4:      layout_gridville, minmay_quadrilaterals
D:5:      layout_loops_cross, temple_doors_ab, uniq_edmund
D:6:      layout_basic, serial_rivers, chequers_serial_rivers_small_3,
          chequers_serial_rivers_small_a, chequers_serial_rivers_small_b,
          chequers_serial_rivers_small_3, chequers_serial_rivers_micro_a,
          uniq_pikel
D:7:      layout_loops_ring, wad_floor_pattern_2, minivault_14
D:8:      layout_cave_pools, mainiacjoe_overflow_alcove_4, gammafunk_ghost_arena
Temple:   regret_index_temple_sigil_plot

Skill      XL: |  1  2  3  4  5  6  7  8  9 10 |
---------------+-------------------------------+-----
Stealth        | 1 2 4 5 6 7 |  7.0
Throwing       | 2 3 |  3.0
Short Blades   | 1 3 4 5 |  5.0
Fighting       | 4 5 6 7 |  7.5
Fire Magic     | 1 2 3 5 |  5.8
Poison Magic   | 3 4 5 7 8 |  8.2
Transmutations | 3 4 5 6 |  6.2
Maces & Flails | 1 2 |  2.6
Spellcasting   | |  1.0

Action                   |  1- 3 |  4- 6 |  7- 9 | 10-12 || total
-------------------------+-------+-------+-------+-------++-------
Melee: Dagger            |    54 |    56 |   138 |   110 ||   358
       Flail             |       |       |    34 |    17 ||    51
       Whip              |       |       |       |     3 ||     3
 Fire: Hunting sling     |       |    52 |   258 |     8 ||   318
Throw: Stone             |     3 |     5 |     3 |       ||    11
 Cast: Ignite Poison     |       |     2 |    28 |    15 ||    45
 Abil: Spit Poison       |    25 |     8 |    18 |     2 ||    53
  Use: Potion            |     1 |       |       |       ||     1
       Scroll            |       |       |     4 |     2 ||     6
 Stab: Sleeping          |       |     7 |     2 |       ||     9
       Distracted        |       |       |       |     1 ||     1
Armor: Robe              |     4 |    30 |   117 |    73 ||   224
       Chain mail        |     2 |       |       |       ||     2
       Skin              |    12 |       |       |       ||    12
Dodge: Dodged            |    17 |    39 |   129 |    69 ||   254
